 Dungeon Crawl Stone Soup version 0.17.0-24-gcfadda4 (webtiles) character file.

25021 SirJodelstein the Destroyer (level 12, -8/91 HPs)
             Began as a Grey Draconian Conjurer on Nov 15, 2015.
             Was the Champion of Qazlal.
             Killed by divine providence
             ... invoked by an orc priest
              (13 damage)
             ... on level 3 of the Orcish Mines on Nov 16, 2015.
             The game lasted 03:12:22 (15748 turns).

SirJodelstein the Destroyer (DrCj)                 Turns: 15748, Time: 03:12:22

Health: -8/91      AC: 16    Str: 10    XL:     12   Next: 85%
Magic:  4/27       EV: 16    Int: 20    God:    Qazlal [******]
Gold:   664        SH:  8    Dex: 16    Spells: 7 memorised, 11 levels left

rFire  . . .     SeeInvis .     o - +1 hand axe (chop)
rCold  . . .     Clarity  .     (armour unavailable)
rNeg   . . .     SustAt   .     (no shield)
rPois  .         Gourm    .     (helmet restricted)
rElec  .         Spirit   .     Q - +0 cloak
rCorr  .         Warding  .     t - +0 pair of gloves
rMut   .         Stasis   .     z - +0 pair of boots
MR     .....                    (no amulet)
Stlth  +.........               B - +3 ring of dexterity
                                w - ring of wizardry

@: very slightly contaminated, hasted, repel missiles, very quick, not resistant
to hostile enchantments, very unstealthy
A: walk through water, unfitting armour, unbreathing, cold-blooded, AC +13
a: Upheaval, Elemental Force, Disaster Area, Renounce Religion


You were on level 3 of the Orcish Mines.
You worshipped Qazlal.
Qazlal was exalted by your worship.
You were hungry.

You visited 4 branches of the dungeon, and saw 18 of its levels.
You also visited: Ice Cave.

You collected 797 gold pieces.
You spent 133 gold pieces at shops.

Inventory:

Hand Weapons
 o - a +1 hand axe of chopping (weapon)
 I - a +1 trident of flaming
 T - a +0 short sword of draining
Armour
 t - a +0 pair of gloves (worn)
 z - a +0 pair of boots (worn)
 Q - a +0 cloak (worn)
Jewellery
 w - a ring of wizardry (left hand)
 B - a +3 ring of dexterity (right hand)
Wands
 p - a wand of draining (1)
 x - a wand of polymorph (1)
 D - a wand of hasting (2)
 H - a wand of magic darts (22)
 L - a wand of polymorph (15)
 M - a wand of cold (2)
 W - a wand of enslavement (4)
Scrolls
 c - 4 scrolls of blinking
 d - 4 scrolls of teleportation
 e - 6 scrolls of remove curse
 h - 3 scrolls of amnesia {unknown}
 i - a scroll of magic mapping
 l - a scroll of identify
 q - 2 scrolls of enchant armour
 r - 4 scrolls of recharging
 y - a scroll of holy word {unknown}
 A - 2 scrolls of enchant weapon
 K - a scroll of brand weapon {unknown}
 O - 2 scrolls of silence {unknown}
 P - a scroll of fear {unknown}
Potions
 k - 2 potions of curing
 m - 4 potions of might
 v - 4 potions of resistance
 C - a potion of agility
Books
 a - a book of Conjurations

   Spells                             Type                      Level
   a - Magic Dart                     Conjuration                  1
   b - Searing Ray                    Conjuration                  2
   c - Dazzling Spray                 Conjuration/Hexes            3
   d - Fulminant Prism                Conjuration/Hexes            4
   e - Iskenderun's Mystic Blast      Conjuration                  4
   f - Iskenderun's Battlesphere      Conjuration/Charms           5
 J - an Akashic Record

   Spells                             Type                      Level
   a - Dispersal                      Translocation                6
   b - Malign Gateway                 Summoning/Translocation      7
   c - Disjunction                    Translocation                8
   d - Controlled Blink               Translocation                8
Comestibles
 b - 4 bread rations
 f - a chunk of flesh
 g - 5 meat rations
 j - a slice of pizza
 n - 3 beef jerkies
 N - 9 fruits
 R - a royal jelly


   Skills:
 - Level 4.0 Fighting
 - Level 6.0 Axes
 * Level 6.1 Dodging
 - Level 1.7 Stealth
 - Level 2.3 Unarmed Combat
 + Level 11.0 Spellcasting
 + Level 13.5 Conjurations
 * Level 5.1 Hexes
 - Level 5.0 Charms


You had 11 spell levels left.
You knew the following spells:

 Your Spells              Type           Power        Failure   Level  Hunger
a - Magic Dart            Conj           ####         1%          1    None
b - Searing Ray           Conj           ######       1%          2    None
c - Dazzling Spray        Conj/Hex       #####...     1%          3    None
d - Iskenderun's Mystic   Conj           ######..     1%          4    ##.....
e - Fulminant Prism       Conj/Hex       #####.....   1%          4    ##.....
f - Iskenderun's Battles  Conj/Chrm      #####...     1%          5    ####...
g - Tukima's Dance        Hex            ####....     1%          3    None


Dungeon Overview and Level Annotations

Branches:
Dungeon (11/15)            Temple (1/1) D:6            Lair (3/8) D:8
    Orc (3/4) D:11
  Swamp: Lair:3-6    Shoals: Lair:3-6     Snake: Lair:3-6    Spider: Lair:3-6
    Elf: Orc:3-4

Altars:
Ashenzari
Cheibriados
Dithmenos
Elyvilon
Fedhas
Gozag
Kikubaaqudgha
Makhleb
Nemelex Xobeh
Okawaru
Qazlal
Ru
Sif Muna
Trog
Vehumet
Xom
Yredelemnul
Zin
The Shining One

Shops:
D:4 ?

Annotations:
D:4 Natasha
D:5 Pikel NE
Orc:2 Maurice


Innate Abilities, Weirdness & Mutations

You can walk through water.
Your dull iron-grey scales are very hard (AC +13).
Your body does not fit into most forms of armour.
You can survive without breathing.
You are cold-blooded and may be slowed by cold attacks.


Message History

You block the orc warrior's attack. You block the orc's attack.
The orc barely misses you. You block the orc's attack.
The orc is engulfed in freezing vapours.
You kill the orc!
Qazlal accepts your kill.
Evoke which item? (* to show all) (? for menu, Esc to quit)
Zapping:
M - a wand of cold {zapped: 3} (will waste charges)
Press: ? - help, Shift-Dir - straight line You hear a sizzling sound!
The bolt of cold misses the orc.
Evoking this partially-identified wand wasted a few charges.
The orc priest mumbles some strange prayers to Beogh against you.
Something smites you!
* * * LOW HITPOINT WARNING * * *
You block the orc's attack.
You feel less protected from physical attacks.
You hear a shout!
The orc priest mumbles some strange prayers to Beogh against you.
Something smites you!
You die...

###..............#
####$#.............$.
.......§.....[.......
........§.o[.[.[.....
#§oo.oo...<>......
##§§..o.).)(......$
#..ooo.>...........
#...o.§..#.(.......
##@..§...........#.
#..§§...........$.
#.................
#.##....$.........
.##......... #.
....... #. ...... ##
...


You could see an orc warrior (blind), an orc priest and 8 orcs.

Vanquished Creatures
  Maud (Orc:3)
  Snorg (Orc:1)
  2 hydras
  Sonja (D:11)
  A hill giant (D:10)
  A manticore (D:11)
  The ghost of futacatgirl the Sneak, a novice VSEn of Ashenzari (D:7)
  Joseph (D:10)
  4 spiny frogs
  4 komodo dragons
  A troll (D:9)
  A fire drake (Lair:1)
  2 polar bears
  3 blink frogs (Lair:2)
  A wyvern (D:9)
  A basilisk (Lair:1)
  20 yaks
  2 hungry ghosts
  4 hippogriffs
  Menkaure (D:5)
  23 wolves
  A sky beast (D:7)
  8 water moccasins
  3 ice beasts
  3 black bears
  3 phantoms
  7 orc warriors
  A wasp (D:10)
  9 porcupines
  2 necrophages
  An eye of draining (D:9)
  8 ogres
  2 big kobolds
  7 centaurs
  3 crocodiles
  A gnoll sergeant (D:10)
  7 giant frogs
  2 scorpions
  13 killer bees
  5 wights (D:6)
  A centaur zombie (D:6)
  7 crimson imps
  3 jellies
  A centaur skeleton (D:8)
  8 orc priests
  Crazy Yiuf (D:5)
  3 giant frog zombies
  6 hounds
  15 orc wizards
  2 giant frog skeletons
  5 worker ants
  14 iguanas
  A hound zombie (D:5)
  11 gnolls
  A worker ant zombie (D:5)
  14 river rats
  9 adders
  3 shadow imps
  12 white imps (D:11)
  An adder skeleton (D:5)
  5 adder zombies
  5 worms
  8 giant geckos
  93 orcs
  12 bats
  2 giant cockroaches
  6 goblins
  11 hobgoblins
  4 jackals
  16 kobolds
  11 quokkas
  A ball python (D:5)
  4 giant newts
  A quokka skeleton (D:5)
  2 quokka zombies (D:5)
  5 rats
  A bush (Lair:1)
  11 fungi
  10 plants
488 creatures vanquished.

Vanquished Creatures (others)
  A hound zombie (D:5)
  2 bushes (D:8)
  4 fulminant prisms
  15 fungi
  11 plants
33 creatures vanquished.

Grand Total: 521 creatures vanquished

Notes
Turn   | Place    | Note
--------------------------------------------------------------
     0 | D:1      | SirJodelstein the Draconian Conjurer began the quest for the Orb.
     0 | D:1      | Reached XP level 1. HP: 14/14 MP: 3/3
   216 | D:1      | Reached XP level 2. HP: 20/20 MP: 1/5
   263 | D:1      | Learned a level 2 spell: Searing Ray
   787 | D:2      | Reached XP level 3. HP: 26/26 MP: 4/6
  1119 | D:2      | Learned a level 3 spell: Dazzling Spray
  1209 | D:2      | Reached XP level 4. HP: 33/33 MP: 2/8
  1315 | D:3      | Reached skill level 1 in Hexes
  1329 | D:3      | Reached skill level 1 in Fighting
  1373 | D:3      | Reached skill level 5 in Conjurations
  1373 | D:3      | Reached XP level 5. HP: 35/40 MP: 0/9
  2231 | D:4      | Noticed Natasha
  2340 | D:4      | Noticed an ogre
  2344 | D:4      | Noticed an ogre
  2359 | D:3      | Killed an ogre
  2359 | D:3      | Reached XP level 6. HP: 28/47 MP: 0/11
  2509 | D:4      | Killed an ogre
  2868 | D:4      | Found a sacrificial altar of Ru.
  2993 | D:3      | Reached skill level 1 in Axes
  3353 | D:4      | Your scales start taking on a dull iron-grey colour.
  3353 | D:4      | Gained mutation: You can survive without breathing. [Grey Draconian growth]
  3353 | D:4      | Reached XP level 7. HP: 50/52 MP: 6/13
  3354 | D:4      | Found a stormy altar of Qazlal.
  3367 | D:4      | Became a worshipper of Qazlal Stormbringer
  3442 | D:4      | Learned a level 5 spell: Iskenderun's Battlesphere
  3478 | D:4      | Found Oskuptos's Magic Scroll Boutique.
  3494 | D:4      | Noticed an ogre
  3502 | D:4      | Killed an ogre
  3502 | D:4      | Reached skill level 6 in Conjurations
  3502 | D:4      | Reached skill level 1 in Charms
  3649 | D:4      | Bought a scroll of blinking for 105 gold pieces
  3649 | D:4      | Bought a scroll of identify for 28 gold pieces
  3720 | D:5      | Entered Level 5 of the Dungeon
  4169 | D:5      | Found an opulent altar of Gozag.
  4289 | D:5      | Reached XP level 8. HP: 55/59 MP: 13/15
  4331 | D:5      | Reached * piety under Qazlal
  4443 | D:5      | Noticed Menkaure
  4612 | D:5      | Noticed Crazy Yiuf
  4620 | D:5      | Killed Crazy Yiuf
  4620 | D:5      | Reached skill level 5 in Spellcasting
  4620 | D:5      | Reached skill level 7 in Conjurations
  5180 | D:5      | Killed Menkaure
  5318 | D:5      | Reached skill level 5 in Charms
  5517 | D:6      | Reached skill level 8 in Conjurations
  5640 | D:6      | Found a staircase to the Ecumenical Temple.
  5670 | D:6      | Reached XP level 9. HP: 57/64 MP: 6/16
  5852 | D:6      | Reached ** piety under Qazlal
  6200 | Temple   | Entered the Ecumenical Temple
  6563 | D:7      | Reached skill level 9 in Conjurations
  6672 | D:7      | Noticed futacatgirl's ghost (novice VSEn)
  6677 | D:7      | Killed futacatgirl's ghost
  7370 | D:8      | Reached skill level 10 in Conjurations
  7493 | D:8      | Reached XP level 10. HP: 62/71 MP: 2/19
  7502 | D:8      | Reached skill level 5 in Axes
  7772 | D:8      | Reached *** piety under Qazlal
  7956 | D:7      | Learned a level 4 spell: Fulminant Prism
  8084 | D:7      | Reached skill level 11 in Conjurations
  8353 | D:8      | Found a staircase to the Lair.
  8749 | D:8      | Reached **** piety under Qazlal
  8906 | D:8      | Reached skill level 12 in Conjurations
  9385 | D:9      | Found a glowing silver altar of Zin.
  9562 | Lair:1   | Entered Level 1 of the Lair of Beasts
  9571 | Lair:1   | Reached XP level 11. HP: 77/77 MP: 19/23
 10449 | Lair:1   | Reached skill level 1 in Unarmed Combat
 11433 | Lair:2   | Reached ***** piety under Qazlal
 11494 | Lair:2   | Noticed a five-headed hydra
 11499 | Lair:2   | Killed a five-headed hydra
 11499 | Lair:2   | Reached skill level 10 in Spellcasting
 11819 | Lair:2   | Learned a level 4 spell: Iskenderun's Mystic Blast
 12013 | Lair:3   | Reached skill level 13 in Conjurations
 12196 | Lair:3   | Reached XP level 12. HP: 55/91 MP: 12/26
 12225 | Lair:3   | Noticed a seven-headed hydra
 12242 | Lair:3   | Killed a seven-headed hydra
 13386 | D:10     | Entered Level 10 of the Dungeon
 14068 | D:10     | Noticed Joseph
 14076 | D:10     | Killed Joseph
 14671 | D:10     | Learned a level 3 spell: Tukima's Dance
 14705 | D:11     | Noticed Sonja
 14714 | D:11     | Killed Sonja
 14813 | D:11     | Reached skill level 5 in Dodging
 14956 | D:11     | Found a frozen archway.
 15063 | IceCv    | Entered an ice cave
 15217 | D:11     | Found a staircase to the Orcish Mines.
 15246 | Orc:1    | Entered Level 1 of the Orcish Mines
 15246 | Orc:1    | Noticed Snorg
 15263 | Orc:1    | Killed Snorg
 15277 | Orc:1    | Reached ****** piety under Qazlal
 15700 | Orc:3    | Noticed Maud
 15710 | Orc:3    | Killed Maud
 15710 | Orc:3    | Reached skill level 5 in Hexes
 15735 | Orc:2    | Noticed Maurice
 15748 | Orc:3    | Killed from afar by an orc priest

Action                   |  1- 3 |  4- 6 |  7- 9 | 10-12 || total
-------------------------+-------+-------+-------+-------++-------
Melee: Unarmed           |    12 |       |       |       ||    12
       Hand axe          |    23 |   105 |   210 |   458 ||   796
 Cast: Magic Dart        |    50 |    26 |   102 |   124 ||   302
       Searing Ray       |     4 |    14 |    24 |    56 ||    98
       Dazzling Spray    |       |     7 |    31 |   120 ||   158
       Iskenderun's Batt |       |       |     8 |    27 ||    35
       Fulminant Prism   |       |       |       |     4 ||     4
       Iskenderun's Myst |       |       |       |     9 ||     9
       Tukima's Dance    |       |       |       |     2 ||     2
Evoke: Wand              |       |       |       |     4 ||     4
  Use: Potion            |       |     2 |     1 |     6 ||     9
       Scroll            |       |       |    10 |     9 ||    19
 Stab: Sleeping          |     1 |     1 |       |       ||     2
       Invisible         |       |     1 |     5 |    31 ||    37
  Eat: Chunk             |     2 |     6 |     9 |    26 ||    43
       Pizza             |       |     1 |       |       ||     1
       Bread ration      |       |       |     3 |     1 ||     4
       Beef jerky        |       |       |     1 |       ||     1
       Fruit             |       |       |       |     2 ||     2
